 Dungeon Crawl Stone Soup version 0.22-a0-756-gc33bbe721d (webtiles) character file.

22 Chiseanne the Stinger (level 2, -1/22 HPs)
             Began as a Demonspawn Wanderer on July 16, 2018.
             Killed from afar by an orc wizard (8 damage)
             ... with a puff of frost
             ... on level 3 of the Dungeon.
             The game lasted 00:02:14 (1162 turns).

Chiseanne the Stinger (Demonspawn Wanderer)         Turns: 1162, Time: 00:02:14

Health: -1/22      AC:  2    Str: 11    XL:     2   Next: 68%
Magic:  0/2        EV: 12    Int: 14    God:
Gold:   38         SH:  0    Dex: 12    Spells: 1/1 levels left

rFire    . . .     SeeInvis .   a - +2 quarterstaff
rCold    . . .     Gourm    .   (shield currently unavailable)
rNeg     . . .     Faith    .   d - +0 robe
rPois    .         Spirit   +   (no helmet)
rElec    .         Reflect  .   (no cloak)
rCorr    .         Harm     .   (no gloves)
MR       .....                  (no boots)
Stlth    ++........             (no amulet)
HPRegen  0.07/turn              (no ring)
MPRegen  0.08/turn              (no ring)

@: no status effects
A: magic shield
a: no special abilities


You were on level 3 of the Dungeon.
You were hungry.

You visited 1 branch of the dungeon, and saw 3 of its levels.

You collected 38 gold pieces.

Inventory:

Hand Weapons
 a - a +2 quarterstaff (weapon)
Missiles
 c - 32 arrows
 h - 19 stones (quivered)
Armour
 d - a +0 robe (worn)
Scrolls
 b - a scroll of magic mapping
 i - a scroll of blinking {unknown}
 j - a scroll of amnesia {unknown}
 k - a scroll of teleportation {unknown}
 m - a scroll of immolation {unknown}
Potions
 e - 2 potions of lignification
 g - a potion of heal wounds {unknown}
 l - a potion of agility {unknown}
 n - a potion of degeneration {unknown}
Comestibles
 f - 2 rations


   Skills:
 * Level 2.0 Fighting
 - Level 1.7 Staves
 * Level 1.4 Dodging
 - Level 2.6 Stealth
   Level 1.0 Shields
   Level 3.0 Poison Magic


You had one spell level left.
You didn't know any spells.
Your spell library contained the following spells:

 Spells                   Type           Power        Failure   Level  Hunger
 Mephitic Cloud           Conj/Pois/Air  #.......     50%         3    ####...
 Sting                    Conj/Pois      #...         16%         1    ##.....
 Ignite Poison            Fire/Tmut/Pois #.......     50%         3    ####...


Dungeon Overview and Level Annotations

Branches:
Dungeon (3/15)

Altars:

Annotations:
D:2 Natasha


Innate Abilities, Weirdness & Mutations

When hurt, damage is shared between your health and your magic reserves.


Message History

The orc wizard is lightly wounded.
The orc wizard hits you with a dagger.
You hit the orc wizard.
The orc wizard is moderately wounded.
The orc wizard hits you but does no damage.
The orc barely misses you.
You barely miss the orc wizard.
The orc wizard is moderately wounded.
The orc wizard gestures wildly while chanting.
The orc wizard seems to speed up.
An orc comes into view. It is wielding a vampiric dagger.
The orc hits you with a club.
You completely miss the orc wizard.
The orc wizard is moderately wounded.
The orc wizard hits you with a dagger. The orc hits you with a club.
The orc wizard closely misses you.
The orc wizard hits you but does no damage.
The orc wizard points at you and mumbles some strange words.
The puff of frost hits you!
You die...

#######
.....
#o.#
#oo#
#.@#
#..#
#..#
....
#...#
....#
..#..#
##....#


You could see an orc wizard and 2 orcs.

Vanquished Creatures
  2 dart slugs
  A leopard gecko (D:1)
  3 bats (D:1)
  A hobgoblin (D:1)
  4 jackals (D:1)
  2 kobolds (D:1)
  A frilled lizard (D:1)
  2 rats (D:2)
16 creatures vanquished.

Notes
Turn   | Place    | Note
-------+----------+-------------------------------------------
     0 | D:1      | Chiseanne the Demonspawn Wanderer began the quest for the Orb.
     0 | D:1      | Chiseanne set off with: a +2 quarterstaff, a +0 robe, a +0 dagger, a ration
     0 | D:1      | Reached XP level 1. HP: 15/15 MP: 1/1
   119 | D:1      | Reached skill level 1 in Dodging
   119 | D:1      | Gained mutation: When hurt, damage is shared between your health and your magic reserves. [demonic ancestry]
   119 | D:1      | Reached XP level 2. HP: 21/21 MP: 2/2
  1081 | D:2      | Noticed Natasha
  1162 | D:3      | Killed from afar by an orc wizard

Vault maps used:
D:1:      kennysheep_arrival_forest, st_stairs_6
D:2:      uniq_crazy_yiuf_cottage, uniq_natasha, uniq_robin
D:3:      portal_sewer_entry_a, uniq_ijyb

Skill      XL: |  1  2 |
---------------+-------+-----
Dodging        | 1 |  1.4
Fighting       | 2 |  2.0
Staves         | |  1.7
Stealth        | |  2.6
Shields        | |  1.0
Poison Magic   | |  3.0

Action                   || total
-------------------------++-------
Melee: Quarterstaff      ||    41
  Use: Scroll            ||     2
 Stab: Sleeping          ||     3
Armor: Robe              ||     5
Dodge: Dodged            ||    19

Table legend:
 A = Spawn XP
 B = Non-spawn XP
 C = Spawn XP percentage of total XP
 D = Spawn monster count
 E = Non-spawn monster count
 F = Spawn count percentage of total count
 G = Total turns spent on level
                    A         B        C        D         E        F      G
               +---------+---------+-------+---------+---------+-------+---------
         Total |       0 |      32 |   0.0 |       0 |      16 |   0.0 |  1162
               +---------+---------+-------+---------+---------+-------+---------
           D:1 |       0 |      26 |   0.0 |       0 |      13 |   0.0 |  1087
           D:2 |       0 |       6 |   0.0 |       0 |       3 |   0.0 |    69
               +---------+---------+-------+---------+---------+-------+---------
